AoeStats
← MAXIMO MERIDIO

Arena

508740403Analyzed
1v1 RM · 9d ago on Sep 23, 2026· 41m 37s· 2 players
Game mode
Random Map
Map size
Tiny (2 player)
Population
200
Speed
Normal
Resources
Standard
Victory
Conquest
Starting age
Dark Age
Ending age
Imperial Age
RankedLock teamsTeams togetherTeam positionsShared explorationLock speedFull tech treeHidden civsTurbo modeCheats
Victory
Defeat
🇲🇽 Mongols · Mexico
1606
+17
🇦🇷 Inca · Argentina
1620
-17
MAXIMO MERIDIO
8:59 Feudal Age
13:13 Castle Age
11:19 Horse Collar
11:48 Double-Bit Axe
22:19 Bow Saw
22:39 Heavy Plow
22:52 Loom
23:45 Wheelbarrow
28:06 Imperial Age
25:53 Hand Cart
26:04 Gold Mining
26:05 Stone Mining
26:29 Fletching
26:40 Padded Archer Armor
27:27 Bodkin Arrow
27:42 Thumb Ring
28:33 Leather Archer Armor
29:23 Ballistics
29:54 Bloodlines
29:45 Husbandry
29:47 Bracer
30:51 Chemistry
30:19 Conscription
31:39 Elite Mangudai
32:49 Parthian Tactics
38:04 Drill
38:32 Capped Ram
39:41 Siege Ram
40:47 Scale Barding Armor
40:53 Forging
41:50 Chain Barding Armor
40:53 Light Cavalry
Tebini Koppini
10:25 Feudal Age
14:16 Castle Age
12:33 Double-Bit Axe
12:49 Horse Collar
16:29 Loom
23:40 Wheelbarrow
25:01 Hand Cart
24:36 Town Watch
28:31 Imperial Age
27:25 Scale Mail Armor
27:25 Champi Runner
28:21 Squires
28:39 Chain Mail Armor
28:35 Forging
28:40 Bow Saw
28:21 Champi Warrior
29:16 Fabric Shields
29:23 Gold Mining
29:55 Town Patrol
29:53 Elite Champi Warrior
31:14 Plate Mail Armor
33:44 Capped Ram
37:01 Conscription
37:35 Fletching
38:14 Padded Archer Armor
38:12 Elite Skirmisher
39:25 Bodkin Arrow
40:36 Ballistics
40:24 Bracer
41:50 Chemistry
Connection lost

Rejoining the realm…

Still unreachable

The connection could not be restored.

Session expired

The server has moved on; the page needs a fresh start.